 Dungeon Crawl Stone Soup version 0.19-a0-1490-g5dd3618 (webtiles) character file.

25645 Ijustatesigmund the Severer (level 13, -1/122 HPs)
             Began as a Hill Orc Fighter on Sept 8, 2016.
             Was the Champion of Cheibriados.
             Slain by a cyclops (15 damage)
             ... on level 11 of the Dungeon.
             The game lasted 00:32:03 (11964 turns).

Ijustatesigmund the Severer (Hill Orc Fighter)     Turns: 11964, Time: 00:32:04

Health: -1/122     AC: 18    Str: 40    XL:     13   Next: 20%
Magic:  15/20      EV: 14    Int: 23    God:    Cheibriados [******]
Gold:   1018       SH: 15    Dex: 36    Spells: 1 memorised, 11 levels left

rFire  . . .     SeeInvis .     a - +1 war axe
rCold  . . .     Gourm    .     l - +0 chain mail
rNeg   . . .     Faith    .     c - +0 shield
rPois  .         Spirit   .     s - +1 hat
rElec  .         Dismiss  .     d - +1 cloak {+Inv}
rCorr  .         Reflect  .     (no gloves)
MR     .....     Harm     .     b - +2 pair of boots
Stlth  ..........               (no amulet)
                                F - +3 ring of dexterity
                                C - +4 ring of dexterity

@: mighty, very slow
A: no striking features
a: Bend Time, Temporal Distortion, Slouch, Step From Time, Renounce Religion,
Evoke Invisibility


You were on level 11 of the Dungeon.
You worshipped Cheibriados.
Cheibriados was exalted by your worship.
You were hungry.

You visited 2 branches of the dungeon, and saw 15 of its levels.
You also visited: Ossuary.

You collected 1018 gold pieces.

Inventory:

Hand Weapons
 a - a +1 war axe (weapon)
 G - a +3 morningstar
Missiles
 r - 8 tomahawks (quivered)
 y - 2 throwing nets
Armour
 b - a +2 pair of boots (worn)
 c - a +0 shield (worn)
 d - a +1 cloak of invisibility (worn)
 l - a +0 chain mail (worn)
 s - a +1 hat (worn)
Jewellery
 C - a +4 ring of dexterity (left hand)
 F - a +3 ring of dexterity (right hand)
 H - the ring "Ikkeamiu" {*Corrode +Inv rC++ rN+ Int+3, unknown}
   (You took it off an orc wizard on level 11 of the Dungeon)

   [ring of positive energy]

   It affects your intelligence (+3).
   It greatly protects you from cold.
   It protects you from negative energy.
   It lets you turn invisible.
   It may corrode you when you take damage.
Wands
 x - a wand of iceblast (9/15)
 E - a wand of paralysis (15/24)
 J - a wand of flame (23/48)
Scrolls
 e - a scroll of immolation
 o - a scroll of teleportation
 t - a scroll of enchant weapon
 u - 3 scrolls of remove curse
 v - a scroll of magic mapping
 K - a scroll of identify
Potions
 g - a potion of might
 h - 2 potions of brilliance
 i - 2 potions of ambrosia
 k - 2 potions of cancellation
 m - a potion of heal wounds
 n - a potion of flight
 w - a potion of curing
 z - 3 potions of lignification
 A - 2 potions of magic
 B - a potion of agility
Books
 D - a book of Cantrips

   Spells                             Type                      Level
   a - Confusing Touch                Hexes                        1
   b - Animate Skeleton               Necromancy                   1
   c - Summon Small Mammal            Summoning                    1
   d - Apportation                    Translocation                1
Comestibles
 f - 11 bread rations
 j - 11 meat rations
 p - 4 slices of pizza
 q - a royal jelly
 I - 2 chunks of flesh


   Skills:
 + Level 13.2 Fighting
 + Level 16.0 Axes
 - Level 9.8 Armour
 + Level 5.4 Dodging
 - Level 6.8 Shields
 - Level 9.8 Invocations


You had 11 spell levels left.
You knew the following spells:

 Your Spells              Type           Power        Failure   Level  Hunger
a - Animate Skeleton      Necr           N/A          95%         1    ##.....


Dungeon Overview and Level Annotations

Branches:
Dungeon (14/15)            Temple (1/1) D:6            Lair (0/6) D:10
    Orc: D:9-12      Vaults: D:13-14

Altars:
Ashenzari
Cheibriados
Dithmenos
Elyvilon
Fedhas
Gozag
Hepliaklqana
Kikubaaqudgha
Makhleb
Nemelex Xobeh
Okawaru
Qazlal
Ru
Sif Muna
Trog
Uskayaw
Vehumet
Xom
Yredelemnul
Zin
The Shining One
Lugonu

Shops:
D:4 [


Message History

* * * LOW HITPOINT WARNING * * *
You feel much better.
You feel much better. The cyclops misses you.
You can feel time thicken for a moment.
You are feeling hungry.
The cyclops misses you.
You slash the cyclops!
The cyclops is almost dead.
You slice the cyclops!!
You kill the cyclops!
Cheibriados appreciates the change of pace.
Your Axes skill increases to level 16!
The fire giant points at you and mumbles some strange words.
The bolt of fire hits you!
The fire giant hits you with a great sword of flaming!!
* * * LOW HITPOINT WARNING * * *
The fire giant burns you.
* * * LOW HITPOINT WARNING * * *
You block the cyclops's attack. The cyclops hits you!
You die...

## ########## #######
....#........####.......
....'.......('()@C......
.. #........####C......
.. #####'#### .......
#########.# .......
.).)))..).# .......
########### .......
##.#### #######
≈§≈≈≈.######
≈§≈≈≈.P....#### ####


You could see a fire giant and a cyclops.

Vanquished Creatures
  Gastronok (D:9)
  A hydra (D:11)
  17 hill giants
  2 unseen horrors (D:11)
  Pikel (D:5)
  An ugly thing (D:11)
  2 cyclopes
  2 gargoyles (D:11)
  2 two-headed ogres
  A troll (D:12)
  A merfolk (D:10)
  A wyvern (D:9)
  Sigmund (D:3)
  15 yaks
  A hippogriff (D:6)
  A steam dragon (D:11)
  Menkaure (D:5)
  3 wargs (D:11)
  A water moccasin (D:8)
  3 ice beasts
  An orc warrior (D:10)
  3 phantoms
  A slave (D:5)
  A sky beast (D:10)
  2 wasps (D:10)
  3 wolves (D:11)
  10 ogres
  6 centaurs
  2 crocodiles
  3 big kobolds
  9 giant frogs
  A wyvern skeleton (D:13)
  3 scorpions
  24 killer bees
  18 wights
  7 howler monkeys
  2 centaur zombies
  2 giant frog zombies
  A quasit (D:7)
  4 crimson imps
  6 hounds
  3 jellies
  8 orc wizards
  An iguana (D:7)
  4 orc priests
  Crazy Yiuf (D:2)
  2 centaur skeletons
  2 giant frog skeletons
  2 gnoll shamans
  10 worker ants
  A killer bee zombie (D:6)
  2 hound zombies
  A hound skeleton (D:6)
  8 mummies (Ossuary)
  20 gnolls
  19 adders
  2 howler monkey skeletons
  An ooze (D:2)
  An adder skeleton (D:10)
  An adder zombie (D:9)
  2 worms
  2 dart slugs (D:1)
  4 giant geckos
  37 orcs
  2 ball pythons
  4 bats
  7 giant cockroaches
  8 goblins
  6 hobgoblins
  4 quokkas
  9 giant newts
  3 gnoll zombies (Ossuary)
  3 hobgoblin zombies (Ossuary)
  21 kobolds
  A kobold zombie (Ossuary)
  An orc zombie (Ossuary)
  A quokka skeleton (D:8)
  9 rats
380 creatures vanquished.

Vanquished Creatures (others)
  A plant (D:11)
1 creature vanquished.

Grand Total: 381 creatures vanquished

Notes
Turn   | Place    | Note
-------+----------+-------------------------------------------
     0 | D:1      | Ijustatesigmund the Hill Orc Fighter began the quest for the Orb.
     0 | D:1      | Reached XP level 1. HP: 19/19 MP: 1/1
   128 | D:1      | Reached skill level 3 in Axes
   193 | D:1      | Reached XP level 2. HP: 27/27 MP: 2/2
   420 | D:1      | Reached skill level 4 in Axes
   573 | D:1      | Reached XP level 3. HP: 30/33 MP: 3/3
  1139 | D:2      | Found a runed door.
  1143 | D:2      | Noticed Crazy Yiuf
  1148 | D:2      | Killed Crazy Yiuf
  1148 | D:2      | Reached skill level 5 in Axes
  1148 | D:2      | Reached XP level 4. HP: 37/41 MP: 4/4
  1323 | D:2      | Reached XP level 5. HP: 33/47 MP: 5/5
  1655 | D:2      | Reached skill level 5 in Fighting
  1868 | D:3      | Reached skill level 6 in Axes
  1925 | D:3      | Noticed Sigmund
  1936 | D:3      | Killed Sigmund
  1936 | D:3      | Reached skill level 7 in Axes
  1936 | D:3      | Reached XP level 6. HP: 43/56 MP: 6/6
  2696 | D:3      | Reached XP level 7. HP: 63/63 MP: 7/7
  2941 | D:3      | Found an iron altar of Okawaru.
  3119 | D:4      | Found Niaczatu's Armour Boutique.
  3241 | D:4      | Reached skill level 8 in Axes
  3615 | D:5      | Entered Level 5 of the Dungeon
  3759 | D:5      | Noticed Menkaure
  3766 | D:5      | Killed Menkaure
  3766 | D:5      | Reached skill level 9 in Axes
  4072 | D:5      | Reached XP level 8. HP: 69/73 MP: 8/8
  4336 | D:5      | Noticed Pikel
  4357 | D:5      | Killed Pikel
  4357 | D:5      | Reached skill level 10 in Axes
  4474 | D:6      | Reached skill level 11 in Axes
  4677 | D:6      | Reached XP level 9. HP: 74/82 MP: 9/9
  4787 | D:6      | Found a staircase to the Ecumenical Temple.
  4795 | D:6      | Reached skill level 12 in Axes
  4868 | Temple   | Entered the Ecumenical Temple
  5055 | D:6      | Found a glowing silver altar of Zin.
  5056 | D:6      | Found a glowing golden altar of the Shining One.
  5057 | D:6      | Found a white marble altar of Elyvilon.
  5187 | D:7      | Found an ancient bone altar of Kikubaaqudgha.
  5202 | D:7      | Reached skill level 5 in Armour
  5340 | D:7      | Found a snail-covered altar of Cheibriados.
  5340 | D:7      | Found a hide-covered altar of Uskayaw.
  5344 | D:7      | Found a shattered altar of Ashenzari.
  5344 | D:7      | Found a stormy altar of Qazlal.
  5345 | D:7      | Found a sacrificial altar of Ru.
  5348 | D:7      | Became a worshipper of Cheibriados the Contemplative
  5484 | D:7      | Reached skill level 1 in Invocations
  5563 | D:7      | Found a bloodstained altar of Trog.
  5881 | D:7      | Found a burning altar of Makhleb.
  6087 | D:8      | Reached * piety under Cheibriados
  6171 | D:8      | Found a sand-covered staircase.
  6177 | Ossuary  | Entered an ossuary
  6279 | Ossuary  | Reached skill level 5 in Invocations
  6572 | D:8      | Reached XP level 10. HP: 85/91 MP: 12/14
  6879 | D:8      | Reached ** piety under Cheibriados
  7578 | D:8      | Found a hazy altar of Hepliaklqana.
  7579 | D:8      | Found a shimmering altar of Xom.
  7580 | D:8      | Noticed a spectral ugly thing
  7716 | D:9      | Reached *** piety under Cheibriados
  7779 | D:9      | Noticed Gastronok
  7807 | D:9      | Killed Gastronok
  7807 | D:9      | Reached XP level 11. HP: 71/97 MP: 16/18
  7979 | D:9      | Reached **** piety under Cheibriados
  8029 | D:9      | HP: 4/97 [poisoned by a killer bee]
  8616 | D:10     | Entered Level 10 of the Dungeon
  8930 | D:10     | Reached skill level 13 in Axes
  8970 | D:10     | Reached skill level 10 in Fighting
  8974 | D:10     | Reached skill level 5 in Shields
  8982 | D:10     | Got a translucent mace
  8983 | D:10     | Identified the cursed +1 mace of Rasylorim {flame, Str+3} (You found it on level 10 of the Dungeon)
  8993 | D:10     | Reached ***** piety under Cheibriados
  9028 | D:10     | Noticed a hill giant
  9290 | D:10     | Killed a hill giant
  9670 | D:10     | Found a staircase to the Lair.
  9762 | D:11     | Noticed a hill giant
  9775 | D:11     | Killed a hill giant
  9987 | D:11     | You fall through a shaft for 3 floors!
  9989 | D:14     | Noticed a cyclops
  9997 | D:14     | Killed a cyclops
 10126 | D:13     | Reached skill level 14 in Axes
 10137 | D:13     | Reached XP level 12. HP: 99/110 MP: 19/19
 10258 | D:11     | Reached skill level 1 in Dodging
 10278 | D:11     | Learned a level 1 spell: Animate Skeleton
 10318 | D:12     | Reached ****** piety under Cheibriados
 10677 | D:11     | Noticed an eight-headed hydra
 10692 | D:11     | Killed a nine-headed hydra
 11149 | D:11     | Reached skill level 15 in Axes
 11860 | D:11     | Got a translucent amber ring
 11872 | D:11     | Reached XP level 13. HP: 89/119 MP: 20/20
 11876 | D:11     | Reached skill level 5 in Dodging
 11901 | D:11     | Got a bloodstained double sword {holy}
 11916 | D:11     | Identified the +2 double sword of the Enchanted Forest {holy, rN++ Int+2} (You took it off an orc on level 11 of the Dungeon)
 11957 | D:11     | Noticed a fire giant
 11963 | D:11     | Reached skill level 16 in Axes
 11964 | D:11     | Slain by a cyclops

Vault maps used:
D:1:      dpeg_arrival_long_road
D:2:      first_bread, uniq_crazy_yiuf_cottage
D:3:      okawaru_altar_gauntlet_db, uniq_terence, uniq_sigmund
D:4:      serial_shops, nicolae_shop_waterfront, minmay_ruptured
D:5:      grunt_decor_one_mirror, uniq_menkaure, uniq_pikel
D:6:      good_gods_temple_1
D:7:      overflow_temple_1_default, makhleb_grotto_becter,
          grunt_temple_overflow_open
D:8:      regret_index_temple_of_mockery, nicolae_ossuary_entry_plus
D:9:      uniq_gastronok
D:10:     hangedman_cross_stitches, lair_0_dummy, hangedman_fish_farm
D:11:     giant_chief_lemuel
D:12:     david_orc_3
D:13:     enter_trove_2, minivault_24
D:14:     grunt_vaults_entry_fortified
Temple:   corrupted_temple
Ossuary:  ossuary_tomb_3

Skill      XL: |  1  2  3  4  5  6  7  8  9 10 11 12 13 |
---------------+----------------------------------------+-----
Axes           | 3 4 5 7 9 11 12 14 15 16 | 16.0
Fighting       | 4 5 6 7 8 9 11 12 13 | 13.2
Armour         | 6 9 |  9.8
Invocations    | 5 9 |  9.8
Shields        | 6 |  6.8
Dodging        | 4 5 |  5.4

Action                   |  1- 3 |  4- 6 |  7- 9 | 10-12 | 13-15 || total
-------------------------+-------+-------+-------+-------+-------++-------
Melee: War axe           |    96 |   154 |   327 |   621 |    50 ||  1248
       Battleaxe         |       |       |    42 |       |       ||    42
       Mace              |       |       |       |     3 |       ||     3
       Morningstar       |       |       |       |     6 |       ||     6
Invok: Slouch            |       |       |       |     3 |     1 ||     4
  Use: Scroll            |     5 |     3 |    13 |     9 |       ||    30
       Potion            |     1 |     1 |       |     6 |     4 ||    12
  Eat: Chunk             |     1 |     6 |    11 |     9 |       ||    27
       Beef jerky        |       |       |     1 |       |       ||     1
Armor: Scale mail        |    34 |    32 |       |       |       ||    66
       Chain mail        |       |    30 |   171 |   340 |     4 ||   545
Dodge: Dodged            |    28 |    45 |    88 |   164 |    16 ||   341
Block: Shield            |    38 |    74 |   148 |   395 |    18 ||   673
